[Event "*** SCC Grand Prix: Titled Tuesday Blitz"]
[Site "Chess.com"]
[Date "2020.10.13"]
[Round "8"]
[White "MisiekZielony"]
[Black "Sergienko_Sergey"]
[Result "0-1"]
[WhiteElo "2249"]
[BlackElo "2402"]
[TimeControl "180+1"]
[EndTime "11:35:18 PDT"]
[Termination "Sergienko_Sergey won on time"]

1. c4 c5 2. Nc3 Nf6 3. g3 d5 4.
cxd5 Nxd5 5. Bg2 Nc7 6. Qa4+ Nd7 7. Nf3 g6 8. O-O Bg7 9. d4 cxd4 10. Nxd4 O-O 11.
Be3 Nb6 12. Qd1 Nc4 13. Rb1 Nxe3 14. fxe3 Rb8 15. Kh1 e6 16. Qa4 a6 17. Rbd1 Qe7 18.
a3 Bd7 19. Qb4 Qxb4 20. axb4 Rfd8 21. Nb3 Be8 22. Nc5 b6 23. Nb7 Rxd1 24. Rxd1 Be5 25. Kg1 Kg7 26. Kf2 Nb5 27. Nxb5 Bxb5 28. Nd6 Ba4 29. Rd2 Kf8 30. b5 axb5 31. Bc6 Rd8 32.
Ne4 Rxd2 33. Nxd2 Bxb2 34. Nc4 bxc4 35. Bxa4 Ke7 36. Ke1 Bc1 37. Bb5 c3 38. Kd1 Bxe3 39. Kc2 Bd4 40. Kd3 Bg7 41. h3 Kd6 42. g4 Kc5 43. Be8 f5 44. Bf7 Kd6 45. Bg8 h6 46. Bh7 fxg4 47. hxg4 h5 48. gxh5 gxh5 49. Be4 h4 50. Bg2 Kc5 51. Bh3 Kb4 52. Kc2 Kc5 53.
Kd3 Kd6 54. e3 Be5 55. Bg4 Bf6 56. Kc2 b5 57. Kb3 Kc5 58. Bxe6 Bg5 59. Kc2 Bxe3 60. Kxc3 Bd4+ 61. Kd3 Bf6 62. Bh3 b4 63. Be6 Be7 64.
Bh3 Kd6 65. Kc4 Ke5 0-1

[Event "*** SCC Grand Prix: Titled Tuesday Blitz"]
[Site "Chess.com"]
[Date "2020.10.13"]
[Round "8"]
[White "pfalcon1949"]
[Black "Chamal_Gedgafov"]
[Result "0-1"]
[WhiteElo "1939"]
[BlackElo "2163"]
[TimeControl "180+1"]
[EndTime "11:35:19 PDT"]
[Termination "Chamal_Gedgafov won by checkmate"]

1. c4 Nf6 2. Nc3 c5 3. g3 Nc6 4. Bg2 e6 5. e4 d6 6. Nge2 a6 7.
a4 Qc7 8. O-O Be7 9. d3 b6 10.
Be3 Bb7 11. d4 cxd4 12. Nxd4 Ne5 13. b3 b5 14. axb5 axb5 15. Ncxb5 Qd7 16. Rxa8+ Bxa8 17. Qa1 O-O 18. Qa7 Qxa7 19. Nxa7 Nxe4 20. Ra1 Nc5 21. Nab5 Bxg2 22. Kxg2 Rb8 23. Ra7 Bf8 24. h3 d5 25.
f4 Ned3 26. Nc6 Rc8 27. cxd5 exd5 28. Nbd4 Nxb3 29. Nxb3 Rxc6 30. Kf3 Rc3 31. Nd4 h5 32. Bd2 Rc4 33. Nf5 g6 34. Ne7+ Bxe7 35. Rxe7 Nc5 36.
Ba5 Ra4 37. Bc7 Ra3+ 38. Kg2 Ne4 39. Be5 f6 40. Bc7 Rxg3+ 41. Kh2 Rd3 42. Rd7 f5 43. h4 Rd2+ 44. Kh3 Nf6 45. Re7 Ng4 46. Bd6 d4 47.
Re8+ Kf7 48. Re7+ Kf6 49. Rb7 d3 50. Be7+ Ke6 51. Bb4 Re2 52. Re7+ Kd5 53. Rxe2 dxe2 54.
Kg3 Ke4 55. Ba5 Ke3 56. Be1 Nf6 57. Ba5 Nd5 58. Be1 Nxf4 59. Bf2+ Ke4 60. Be1 Nd3 61. Bc3 e1=Q+ 62. Bxe1 Nxe1 63. Kf2 Nf3 64. Kg3 Nxh4 65. Kxh4 f4 66. Kg5 f3 67. Kxg6 f2 68. Kxh5 f1=Q 69.
Kg5 Qf4+ 70. Kg6 Ke5 71. Kg7 Ke6 72. Kg8 Qf7+ 73. Kh8 Qe7 74. Kg8 Kf6 75. Kh8 Qg7# 0-1

[Event "*** SCC Grand Prix: Titled Tuesday Blitz"]
[Site "Chess.com"]
[Date "2020.10.13"]
[Round "8"]
[White "annazero"]
[Black "karinachess1"]
[Result "1-0"]
[WhiteElo "2383"]
[BlackElo "2510"]
[TimeControl "180+1"]
[EndTime "11:35:21 PDT"]
[Termination "annazero won by checkmate"]

1. d4 Nf6 2. Bf4 d5 3. e3 e6 4. Nf3 Bd6 5. Bg3 O-O 6. c3 c5 7. Nbd2 Qc7 8. dxc5 Qxc5 9. Bd3 Qc7 10. e4 Nc6 11.
Qe2 dxe4 12. Bxe4 Nxe4 13. Nxe4 Bf4 14. O-O Bxg3 15. hxg3 b6 16. Rfd1 Bb7 17. Nd6 Rad8 18. Nxb7 Qxb7 19. Qe4 Na5 20. Qh4 Rd5 21. Ng5 h6 22.
Ne4 Rxd1+ 23. Rxd1 Nc4 24. b3 Ne5 25. Qf4 Ng6 26. Qe3 Qc7 27. c4 Rd8 28. Rd4 e5 29. Rd3 Rxd3 30. Qxd3 Kh7 31. Nc3 Qc5 32. Nd5 Qa3 33.
Qf5 Qf8 34. Qd7 a5 35. Nxb6 Qb4 36. Nd5 Qe1+ 37. Kh2 Qxf2 38. c5 e4 39. c6 Ne5 40. Qe7 Ng4+ 41. Kh3 f5 42. Nf4 Qg1 43. Kh4 Qh2+ 44. Nh3 Qxg2 45. Qe5 Ne3 46. Qf4 Qf3 47. Qxf3 exf3 48. c7 g5+ 49. Kh5 Ng4 50. Nxg5+ hxg5 51. c8=Q Nf6+ 52. Kxg5 Ne4+ 53. Kxf5 f2 54. Qd7+ Kh6 55. Qe6+ Kg7 56. Qg6+ Kf8 57. Qh6+ Ke8 58. Qf4 f1=Q 59. Kxe4 Qe2+ 60. Kf5 Qxa2 61. Qe4+ Kd7 62. Qd5+ Ke7 63. Qc5+ Kd7 64. Qb5+ Ke7 65. Qc5+ Kd7 66. Qd4+ Ke7 67.
Qe4+ Kd7 68. Qa4+ Ke7 69. Qxa2 Kd6 70. Qxa5 Kc6 71. Qb5+ Kxb5 72. g4 Kb4 73. g5 Kxb3 74. g6 Kc4 75. g7 Kd5 76. g8=Q+ Kd6 77. Qg7 Kd5 78. Qe5+ Kc4 79. Qe4+ Kb3 80. Qd4 Ka2 81. Qc4+ Ka1 82. Qb4 Ka2 83. Ke4 Ka1 84. Kd3 Ka2 85. Kc2 Ka1 86. Qb2# 1-0

[Event "*** SCC Grand Prix: Titled Tuesday Blitz"]
[Site "Chess.com"]
[Date "2020.10.13"]
[Round "8"]
[White "queen_iryna"]
[Black "BanjoKazooieN64"]
[Result "1-0"]
[WhiteElo "2307"]
[BlackElo "2439"]
[TimeControl "180+1"]
[EndTime "11:35:23 PDT"]
[Termination "queen_iryna won on time"]

1. e4 e5 2. Nf3 Nc6 3. c3 Nf6 4. d3 Bc5 5. Be2 O-O 6. O-O d6 7. Nbd2 a5 8. h3 a4 9. Re1 Nd7 10. Nf1 f5 11. exf5 Rxf5 12. Ng3 Rf8 13. d4 Bb6 14.
Bb5 Qf6 15. Bg5 Qg6 16. Bd3 Qf7 17. Be3 exd4 18. cxd4 Nf6 19. d5 Bxe3 20. dxc6 Bc5 21. Qc2 bxc6 22. Bc4 Nd5 23. Ne4 Bf5 24. Qd2 h6 25.
Nxc5 dxc5 26. Ne5 Qf6 27. Nxc6 Kh8 28. Bxd5 Ra6 29. Rad1 Rxc6 30. Bxc6 Qxc6 31. Qc3 Be4 32. f3 Bf5 33. Re7 Qg6 34. Kh1 Qg3 35. Rde1 Bxh3 36. gxh3 Qxh3+ 37. Kg1 Qg3+ 38. Kh1 Rxf3 39. Re8+ Kh7 40.
Qc2+ Rd3 41. R8e3 Qh4+ 42. Kg1 Qg5+ 43. Kf2 Qf4+ 44. Kg2 Qg4+ 45. Kf2 Qf4+ 46. Kg2 Qg4+ 47. Kh1 Qh5+ 48. Qh2 Qd5+ 49. Qg2 Qh5+ 50. Kg1 Rd4 51. Rg3 Rd7 52. Kf1 Rf7+ 53. Kg1 Rd7 54. Rf1 Qe5 55.
Qf2 Rd4 56. Qf5+ Qxf5 57. Rxf5 Rd2 58. Rxc5 Rd7 59. Ra5 g6 60. Rxa4 h5 61. Rb4 Rd6 62.
Rg2 Kh6 63. a4 g5 64. a5 h4 65. Ra4 Kh5 66. b4 h3 67. Rc2 g4 68. b5 g3 69.
Rc1 Rd2 70. Rc5+ Kg6 71. Rc1 h2+ 72. Kh1 1-0

[Event "*** SCC Grand Prix: Titled Tuesday Blitz"]
[Site "Chess.com"]
[Date "2020.10.13"]
[Round "8"]
[White "Kotofeyca"]
[Black "ajedrezhoy"]
[Result "1-0"]
[WhiteElo "2351"]
[BlackElo "2224"]
[TimeControl "180+1"]
[EndTime "11:35:23 PDT"]
[Termination "Kotofeyca won by resignation"]

1. d4 Nf6 2. c4 b6 3. Nc3 Bb7 4. Bg5 g6 5. f3 Bg7 6. e4 O-O 7. Qd2 d6 8. Bd3 e5 9. d5 Nbd7 10. Bc2 a5 11. Nge2 Qc8 12. O-O Ba6 13. Nb5 Nc5 14.
a3 a4 15. Nec3 Bxb5 16. cxb5 Nh5 17. Be3 f5 18. Bxc5 bxc5 19. Bxa4 Nf4 20. Bc2 Qd8 21.
g3 Nh3+ 22. Kg2 Ng5 23. exf5 gxf5 24. f4 exf4 25. gxf4 Nf7 26. Kh1 Qf6 27. Rg1 Kh8 28. Rg3 Nh6 29. Rag1 Rf7 30. Rg5 Ng4 31. Qg2 Qh6 32. a4 Ne3 33. Qe2 Nxc2 34. Qxc2 Re8 35. Qg2 Ree7 36. Qf3 Qh4 37. a5 Re8 38. a6 Bd4 39.
Qg3 Qxg3 40. R1xg3 h6 41. Rg6 Kh7 42. a7 Ra8 43. Rg8 Rxa7 44. Rc8 Ra1+ 45. Kg2 Rg1+ 46. Kh3 Rxg3+ 47. hxg3 Bxc3 48. bxc3 Kg6 49. Rd8 Kf6 50. b6 cxb6 51. Rxd6+ Kg7 52. Rxb6 Rd7 53. c4 Rd8 54. Rc6 Rb8 55. Rxc5 Kf7 56. Rc6 h5 57. Kh4 Rb1 58.
Kxh5 Rg1 59. Kg5 Rxg3+ 60. Kxf5 Rc3 61. Rc7+ Ke8 62. d6 Kd8 63. c5 Rd3 64. Kf6 Rd5 65.
f5 Rd1 66. Ke6 Re1+ 67. Kf7 Rh1 68. f6 Rh7+ 69. Ke6 Rxc7 70. dxc7+ Kxc7 71. f7 Kc6 72. f8=Q Kb5 73. Qd6 Kc4 74. c6 Kb5 75. c7 1-0

[Event "*** SCC Grand Prix: Titled Tuesday Blitz"]
[Site "Chess.com"]
[Date "2020.10.13"]
[Round "8"]
[White "GiantThresher"]
[Black "BillieKimbah"]
[Result "1-0"]
[WhiteElo "2867"]
[BlackElo "2930"]
[TimeControl "180+1"]
[EndTime "11:35:26 PDT"]
[Termination "GiantThresher won on time"]

1. e4 e5 2. Nf3 d6 3. Nc3 Nf6 4. d4 exd4 5. Qxd4 Be7 6. Bg5 O-O 7. O-O-O Nc6 8. Qd2 a6 9. h3 b5 10. Qe3 Be6 11. e5 Nd7 12. Bxe7 Qxe7 13. exd6 cxd6 14. Bd3 b4 15. Ne4 Bxa2 16. Nxd6 Qxe3+ 17. fxe3 Nc5 18. b3 Rfd8 19. Bc4 Na5 20. Bxf7+ Kf8 21. Bd5 Ra7 22. Nc4 Ncxb3+ 23. cxb3 Bxb3 24. Nxa5 Bxd5 25. Kb2 Rad7 26. Ne5 Rd6 27. Rhf1+ Ke8 28. Rf2 Be6 29. Rxd6 Rxd6 30. Nac6 Rd5 31. Nf3 a5 32. Rd2 Rxd2+ 33. Nxd2 Bd5 34.
Nxa5 Bxg2 35. h4 h5 36. Nac4 Ke7 37. e4 Ke6 38. Kb3 Bh1 39. Kxb4 g5 40. hxg5 h4 41. Ne3 h3 42. Ng4 Kf7 43. e5 Kg6 44. e6 Bd5 45.
e7 Kf7 46. Kc5 Be6 47. Nh2 Kxe7 48. Kd4 Kf7 49. Ke5 Bc8 50. Kf4 Kg6 51. Ndf3 Kh5 52. Ng1 Kg6 53. Nhf3 Kh5 54. Kg3 h2 55. Kxh2 Kg4 56.
Kg2 Bb7 57. Kf2 Ba8 58. Ke3 Bb7 59. Kd4 Bc8 60. Ke5 Bd7 61. Kf6 Be8 62. Ne5+ Kf4 63.
Ngf3 Bh5 64. Nf7 Kxf3 65. Ne5+ Kf4 66. Nd7 Kg4 67. Nf8 Kf4 68. Ne6+ Ke4 69. Ng7 Bg4 70. g6 Kd4 71. Nf5+ Ke4 72. g7 Bxf5 73. g8=Q Ke3 74.
Qg5+ 1-0

[Event "*** SCC Grand Prix: Titled Tuesday Blitz"]
[Site "Chess.com"]
[Date "2020.10.13"]
[Round "8"]
[White "Ajedrez_con_German"]
[Black "Sueetin"]
[Result "1-0"]
[WhiteElo "2495"]
[BlackElo "2276"]
[TimeControl "180+1"]
[EndTime "11:35:27 PDT"]
[Termination "Ajedrez_con_German won by resignation"]

1. d4 Nf6 2. Bf4 b6 3. e3 Bb7 4. Nf3 g6 5. Be2 Bg7 6. O-O d6 7. c4 O-O 8. h3 Nbd7 9. Nc3 Re8 10. Rc1 e5 11. Bh2 a6 12. b4 exd4 13. Nxd4 Ne4 14. Nxe4 Bxe4 15. Bf3 Bxd4 16. exd4 Qf6 17. Bg4 Nf8 18.
Re1 h5 19. Be2 Ne6 20. d5 Nf4 21. Bxf4 Qxf4 22. Bf1 a5 23. Qd4 Qf5 24. a3 axb4 25.
axb4 h4 26. f3 Bc2 27. Qc3 Ba4 28. Rxe8+ Rxe8 29. Re1 Rxe1 30. Qxe1 Kf8 31. Qxh4 Ke8 32. Qf2 Bd7 33. b5 Qe5 34. Qe2 Ke7 35. f4 Qxe2 36.
Bxe2 Bf5 37. Kf2 Kf6 38. Ke3 Bc2 39. g4 Bb3 40. g5+ Ke7 41. Bd3 Bd1 42. Be2 Bc2 43. Kf2 Bf5 44. Kg3 Ke8 45. h4 Bc2 46. Kf2 Kf8 47.
Ke3 Ke7 48. Bd3 Bd1 49. f5 Bh5 50. Kf4 Kf8 51. f6 Ke8 52. Ke3 Bd1 53. Be2 Bc2 54. Kd2 Bf5 55. Ke3 Bc2 56. h5 gxh5 57. Bxh5 Bh7 58.
Kf4 Kf8 59. Be2 Bc2 60. Ke3 Bf5 61. Bd3 Bh3 62. Kf4 Bg2 63. g6 fxg6 64. Kg5 Bf3 65.
Kxg6 Bg2 66. f7 Bh3 67. Kf6 Bg4 68. Bf5 Be2 69. Bd7 Bxc4 70. Bc6 Bd3 71. Ke6 Be2 72. Kd7 Kxf7 73. Kxc7 Ke7 74. Kxb6 Bg4 75. Ka7 Bd7 76.
Bxd7 Kxd7 77. b6 1-0

[Event "*** SCC Grand Prix: Titled Tuesday Blitz"]
[Site "Chess.com"]
[Date "2020.10.13"]
[Round "8"]
[White "monalize"]
[Black "CarlssonLudvig"]
[Result "1-0"]
[WhiteElo "2313"]
[BlackElo "2455"]
[TimeControl "180+1"]
[EndTime "11:35:27 PDT"]
[Termination "monalize won on time"]

1. e4 e5 2. Nf3 Nc6 3. Bb5 a6 4. Bxc6 dxc6 5. O-O Bd6 6. d4 exd4 7. Qxd4 f6 8. Be3 Ne7 9. Nbd2 Be6 10. Qc3 Qd7 11.
Nc4 Bxc4 12. Qxc4 O-O-O 13. Rad1 Qg4 14. h3 Qh5 15. Qe6+ Rd7 16. Bf4 Qc5 17. Rd2 Rd8 18. Rfd1 Kb8 19. c3 Ng6 20. Be3 Qh5 21. Qg4 Qxg4 22.
hxg4 Kc8 23. Kf1 b5 24. Nd4 Re8 25. f3 Ne7 26. Ne6 Ng6 27. Nc5 Rde7 28. Nb3 Ne5 29.
Bc5 Nc4 30. Re2 Rd8 31. Bf2 Kb7 32. Rd4 Red7 33. Rxc4 bxc4 34. Na5+ Kc8 35. Nxc6 Re8 36. Na5 Bf4 37. Nxc4 Rd1+ 38. Re1 Red8 39. Bd4 Rxe1+ 40.
Kxe1 Bg3+ 41. Ke2 Bf4 42. b4 Rh8 43. Ne3 Bxe3 44. Kxe3 h5 45. gxh5 Rxh5 46. a4 a5 47.
g4 Rh2 48. bxa5 Ra2 49. a6 Rxa4 50. a7 Kb7 51. g5 fxg5 52. Kf2 Ra5 53. Kg3 c5 54.
Bxg7 Kxa7 55. Kg4 c4 56. Bf6 Ra3 57. Kxg5 Kb7 58. f4 Kc6 59. Bd4 Ra2 60. f5 Rg2+ 61. Kf4 Kd6 62. e5+ Kd5 63. e6 Re2 64. Kg5 Rg2+ 65.
Kf6 Kd6 66. Be5+ Kc6 67. Bd4 Re2 68. Ke7 Kd5 69. Bg7 Re3 70. Kd7 Rg3 71. Bd4 Rg8 72. e7 Ke4 73. f6 Rb8 74. f7 Rb7+ 75. Kd6 Kd3 76. e8=Q Kc2 77. Qe2+ Kb3 78. f8=Q 1-0

[Event "*** SCC Grand Prix: Titled Tuesday Blitz"]
[Site "Chess.com"]
[Date "2020.10.13"]
[Round "8"]
[White "OlympusMons95"]
[Black "bait_or_mate"]
[Result "1-0"]
[WhiteElo "2713"]
[BlackElo "2524"]
[TimeControl "180+1"]
[EndTime "11:35:29 PDT"]
[Termination "OlympusMons95 won by resignation"]

1. f4 g6 2. e4 c5 3. d4 cxd4 4.
Qxd4 Nf6 5. e5 Nc6 6. Qd1 Ne4 7. Bd3 Nc5 8. Be3 Nxd3+ 9. Qxd3 Bg7 10. Nc3 O-O 11.
O-O-O d6 12. exd6 Bf5 13. Qd2 exd6 14. Nf3 Qa5 15. Nd4 Bg4 16. Rde1 Rac8 17. h3 Bd7 18. a3 Rfd8 19. g4 a6 20. Rd1 b5 21. Nd5 Kh8 22. Rhe1 Qxd2+ 23. Rxd2 Nxd4 24. Bxd4 Bxd4 25. Rxd4 Be6 26.
Kd2 Kg7 27. c3 Rc5 28. Ne3 d5 29. Rf1 Bc8 30. f5 gxf5 31. Nxf5+ Bxf5 32. Rxf5 f6 33. Rdf4 Rd6 34. g5 fxg5 35. Rxg5+ Kh6 36. h4 Rc4 37. Rd4 Rxd4+ 38. cxd4 Rd7 39. Kd3 Rd8 40. Re5 Rd6 41. Ke3 Kg6 42. Kf4 Kf6 43. Rh5 Kg6 44. Rg5+ Kf6 45.
Rg8 Kf7 46. Ra8 Rh6 47. Ra7+ Ke8 48. Kg5 Rg6+ 49. Kf5 Rh6 50. Ke5 Rxh4 51. Kxd5 Rh2 52. Ke6 Kd8 53. d5 Re2+ 54. Kd6 Kc8 55. b4 h5 56.
Rxa6 Re3 57. Ra8+ Kb7 58. Rh8 Rxa3 59. Rxh5 Rb3 60. Kc5 Rd3 61. Kxb5 Kc7 62. Kc4 Rd1 63. Rh7+ Kb6 64. Rh6+ Kc7 65. Kc5 Rc1+ 66. Kb5 Rd1 67. Rh7+ Kd6 68. Kb6 Rxd5 69. b5 Rd1 70. Rc7 Rd2 71.
Rc1 Rd3 72. Kb7 Kd7 73. b6 Ra3 74. Kb8 Rb3 75. b7 Ra3 76. Rd1+ Ke7 77. Rd4 Rc3 78. Ka7 Ra3+ 79. Kb6 Rb3+ 80. Kc6 Rc3+ 81. Kb5 Rb3+ 82. Rb4 Rxb4+ 83. Kxb4 1-0

[Event "*** SCC Grand Prix: Titled Tuesday Blitz"]
[Site "Chess.com"]
[Date "2020.10.13"]
[Round "8"]
[White "Gusarov91"]
[Black "JoakimVonAnd"]
[Result "1/2-1/2"]
[WhiteElo "2565"]
[BlackElo "2490"]
[TimeControl "180+1"]
[EndTime "11:35:31 PDT"]
[Termination "Game drawn - insufficient material"]

1. d4 Nf6 2. Nf3 d5 3. c4 e6 4. Nc3 c6 5. Qb3 dxc4 6. Qxc4 b5 7. Qb3 Bb7 8. Bg5 Nbd7 9. e3 a6 10. Be2 Qb6 11. O-O c5 12. Rfc1 h6 13. Bh4 cxd4 14.
Nxd4 Bc5 15. Bf3 Bxd4 16. Bxb7 Qxb7 17. exd4 O-O 18. a4 b4 19. a5 Qa7 20. Qxb4 Rab8 21. Qc4 Rxb2 22. Rab1 Rfb8 23. Rxb2 Rxb2 24. d5 Ne5 25.
Qc8+ Kh7 26. Nd1 Re2 27. Nc3 Rd2 28. dxe6 Ng6 29. Bg3 fxe6 30. Qxe6 Qc5 31. Qe1 Rd7 32. Ne4 Qf5 33. Nxf6+ Qxf6 34. h3 Rd5 35. Rc7 Qg5 36.
Qa1 Nf8 37. Qb1+ Ng6 38. Qb2 Nf8 39. Qc2+ Ng6 40. Qc3 Nf8 41. Qf3 Ne6 42. Ra7 Rxa5 43. Qe4+ Qg6 44. Qc6 Ra1+ 45. Kh2 Ng5 46. Qxg6+ Kxg6 47.
f3 Nf7 48. h4 h5 49. Bf4 a5 50. Be3 a4 51. Bd4 Ra2 52. Kg3 a3 53. Bc5 Rc2 54.
Bxa3 Ra2 55. Bc5 Rxa7 56. Bxa7 Nh6 57. Bf2 Nf5+ 58. Kf4 Ne7 59. Ke5 Nf5 60. Ke6 Nh6 61.
g3 Nf5 62. Ke5 Nh6 63. Kf4 Nf5 64. Be1 Nh6 65. Bc3 Nf5 66. Bb2 Nh6 67. g4 hxg4 68. fxg4 Nf7 69. h5+ Kh7 70. Kf5 Nh6+ 71. Kg5 Nf7+ 72.
Kf4 g6 73. hxg6+ Kxg6 74. Bd4 Nh6 75. g5 Nf7 76. Bf6 Nxg5 1/2-1/2

[Event "*** SCC Grand Prix: Titled Tuesday Blitz"]
[Site "Chess.com"]
[Date "2020.10.13"]
[Round "8"]
[White "ChelsieMonica"]
[Black "PotapovaM"]
[Result "1/2-1/2"]
[WhiteElo "2387"]
[BlackElo "2525"]
[TimeControl "180+1"]
[EndTime "11:35:31 PDT"]
[Termination "Game drawn - insufficient material"]

1. c4 Nf6 2. Nf3 e6 3. g3 d5 4. Bg2 dxc4 5. Qa4+ Nbd7 6. Qxc4 a6 7. O-O b5 8. Qc2 Bb7 9. b3 c5 10. Bb2 Rc8 11.
a4 Be7 12. axb5 axb5 13. Na3 Qb6 14. Qd3 Ba6 15. Ne5 Nxe5 16. Bxe5 O-O 17. Qf3 Rfd8 18. d3 Rd7 19. g4 Nd5 20. Rfc1 Bb7 21. Qg3 Bf8 22.
g5 Ne7 23. h4 Nf5 24. Qg4 Bxg2 25. Kxg2 Ra8 26. Nc2 Rda7 27. Qe4 Rxa1 28. Rxa1 Rxa1 29.
Nxa1 Qa5 30. h5 Qd2 31. g6 Qg5+ 32. Kf1 hxg6 33. hxg6 Qxg6 34. Ke1 Qh5 35. Kd2 Qg5+ 36. Kc2 Qg1 37. Qf3 Nd4+ 38. Bxd4 cxd4 39. Kb2 Qe1 40. Nc2 Qc3+ 41. Kc1 Qxb3 42. Qa8 Qc3 43. Qb8 g6 44. Qxb5 Bh6+ 45. Kb1 Qd2 46. Qb8+ Kh7 47. Qc7 Qc1+ 48.
Ka2 Bg7 49. Qh2+ Kg8 50. Qb8+ Bf8 51. Qb3 Qd2 52. f4 Qxe2 53. Kb2 Qf2 54. Qb8 Kg7 55. Kb3 Be7 56. Qb7 Bf6 57. Qe4 Qd2 58. Nxd4 Qd1+ 59.
Kc4 Qc1+ 60. Kb5 Qb2+ 61. Kc5 Qxd4+ 62. Qxd4 Bxd4+ 63. Kxd4 Kf6 64. Ke4 Ke7 65. Ke5 f6+ 66.
Ke4 Kd6 67. Kd4 g5 68. fxg5 fxg5 69. Ke4 e5 70. Kf5 Kd5 71. Kxg5 Kd4 72. Kf5 Kxd3 73. Kxe5 1/2-1/2

[Event "*** SCC Grand Prix: Titled Tuesday Blitz"]
[Site "Chess.com"]
[Date "2020.10.13"]
[Round "8"]
[White "Forantes"]
[Black "TheMagnet"]
[Result "0-1"]
[WhiteElo "2436"]
[BlackElo "2595"]
[TimeControl "180+1"]
[EndTime "11:35:34 PDT"]
[Termination "TheMagnet won by resignation"]

1. Nf3 Nf6 2. g3 g6 3. Bg2 Bg7 4. O-O O-O 5. d4 d6 6. c4 Nc6 7. Nc3 a6 8. Re1 Rb8 9. e4 b5 10. b3 Bg4 11. Be3 Nd7 12. h3 Bxf3 13. Bxf3 bxc4 14. bxc4 e5 15. d5 Nd4 16. Bg2 f5 17. exf5 Nxf5 18. Ne4 Nxe3 19. Rxe3 Bh6 20. Ra3 Nf6 21.
Qc2 Nxe4 22. Bxe4 Qc8 23. Kg2 Qb7 24. c5 Qb2 25. Qxb2 Rxb2 26. Rf1 dxc5 27. Rxa6 Be3 28. Bf3 e4 29. Bxe4 Rbxf2+ 30. Rxf2 Rxf2+ 31. Kh1 Rf1+ 32. Kg2 Rf2+ 33. Kh1 Re2 34. Re6 Re1+ 35. Kg2 Kf8 36. Kf3 Bd4 37. Kg4 Ra1 38. Rc6 Rxa2 39. Rxc7 Re2 40.
Bf3 h5+ 41. Kg5 Re3 42. d6 Ke8 43. Bc6+ Kd8 44. Rd7+ Kc8 45. Rf7 Rxg3+ 46. Kh6 Kb8 47. Rf8+ Ka7 48. d7 Be3+ 49. Kh7 Bg5 50. d8=Q Bxd8 51.
Rxd8 Kb6 52. Be8 Rxh3 53. Bxg6 Rh4 54. Rd5 Kb5 55. Kh6 Kb4 56. Kg5 Rh1 57. Bxh5 Rg1+ 58.
Kf4 c4 59. Ke3 Kc3 60. Be2 Rg7 61. Rc5 Re7+ 62. Kf2 Kb3 63. Bxc4+ Kb4 64. Rc8 Re4 65. Be2 Rf4+ 66. Bf3 Rd4 67. Ke3 Rd6 68. Rb8+ Kc5 69. Be4 Rb6 70. Kf4 Rxb8 71. Bg6 Kd6 72. Kg5 Rb4 73. Kh6 Ke7 74. Kg7 Rb8 75. Kh7 Kf6 76. Kh6 Rg8 77. Bh7 Rh8 78. Kh5 Rxh7+ 79. Kg4 Rg7+ 0-1

[Event "*** SCC Grand Prix: Titled Tuesday Blitz"]
[Site "Chess.com"]
[Date "2020.10.13"]
[Round "8"]
[White "DenLaz"]
[Black "Mikedannnn"]
[Result "1-0"]
[WhiteElo "2797"]
[BlackElo "2500"]
[TimeControl "180+1"]
[EndTime "11:36:00 PDT"]
[Termination "DenLaz won on time"]

1. d4 Nf6 2. c4 c5 3. d5 e6 4. Nc3 exd5 5. cxd5 d6 6. Nf3 g6 7. Bf4 a6 8. a4 Bg7 9. h3 O-O 10. e3 Nh5 11. Bh2 Qe7 12. Be2 Nd7 13. Nd2 Nhf6 14. Nc4 Ne8 15. O-O f5 16. a5 Ne5 17. Nb6 Rb8 18. Qc2 Nf6 19. Rab1 Nfd7 20. Nca4 Nxb6 21. Nxb6 Nd7 22. b4 Be5 23. Bxe5 Qxe5 24. Nxd7 Bxd7 25. bxc5 f4 26. exf4 Rxf4 27. c6 Bf5 28.
Bd3 Qxd5 29. Bxf5 Qxf5 30. c7 Rc8 31. Qb3+ Qf7 32. Qxb7 Qxc7 33. Qxa6 Rf5 34. Rb6 Rc5 35. g3 d5 36. h4 d4 37. Rb7 Qc6 38. Qa7 Rc7 39. a6 Rc2 40. Rxc7 Qxc7 41. Qxd4 Ra2 42. Qd5+ Qf7 43. Qxf7+ Kxf7 44. Kg2 Rxa6 45. Re1 h5 46. Rc1 Ra2 47. Rc7+ Kf6 48. Kf3 Ra3+ 49. Kf4 Ra4+ 50. Kf3 Ra3+ 51. Kg2 Ra4 52. Rc6+ Kf7 53. Rd6 Kg7 54.
Kf3 Kf7 55. Ke3 Ra3+ 56. Ke4 Ra4+ 57. Rd4 Ra5 58. f3 Kf6 59. Rd6+ Kf7 60. Kf4 Kg7 61. Rd7+ Kf6 62. Ke4 Ra4+ 63. Rd4 Ra5 64. Rd6+ Kf7 65.
Rd5 Ra3 66. Rb5 Kf6 67. Rb6+ Kf7 68. Kf4 Kg7 69. Rb5 Kf6 70. Rd5 Rb3 71. Rd6+ Kf7 72. g4 hxg4 73. fxg4 Rb5 74. Ke4 Kg7 75. Rd5 Rb4+ 76. Rd4 Rb5 77. Kf4 Kf6 78. Rd6+ Kf7 79.
Rc6 Kg7 80. Re6 Kf7 81. Re5 Rb4+ 82. Kg5 Rb6 83. Ra5 Kg7 84. Ra7+ Kg8 85. Kh6 Kf8 86. g5 Rb4 87. Kxg6 Rxh4 88. Ra8+ Ke7 89. Kg7 Rf4 90. g6 Rf1 91. Ra7+ Ke6 92. Rf7 Rh1 93. Rf8 Ke7 94. Rf2 Re1 95. Kg8 Rg1 96. g7 1-0

[Event "*** SCC Grand Prix: Titled Tuesday Blitz"]
[Site "Chess.com"]
[Date "2020.10.13"]
[Round "8"]
[White "shnitez"]
[Black "Pavalamalli"]
[Result "1/2-1/2"]
[WhiteElo "2492"]
[BlackElo "2296"]
[TimeControl "180+1"]
[EndTime "11:36:42 PDT"]
[Termination "Game drawn - insufficient material"]

1. c4 c5 2. Nf3 b6 3. g3 Bb7 4. Bg2 e6 5. O-O Nf6 6. Nc3 Be7 7. b3 O-O 8. Bb2 d6 9. e3 a6 10. Qe2 Nbd7 11. Rfd1 Rc8 12. Rac1 Re8 13. h4 Qc7 14. Qf1 Qb8 15. Ne1 Bxg2 16. Nxg2 Ne5 17. Qe2 Qb7 18. d4 Nf3+ 19. Kh1 cxd4 20. exd4 e5 21. dxe5 Nxe5 22.
Nd5 Nxd5 23. Rxd5 Bf6 24. Qd1 h5 25. Qxh5 Qd7 26. Bxe5 Qh3+ 27. Kg1 Bxe5 28. Qf3 b5 29. Ne3 Re6 30. Qg4 Qxg4 31. Nxg4 bxc4 32. Rxc4 Rxc4 33.
bxc4 f5 34. Ne3 f4 35. gxf4 Bxf4 36. Nf5 g6 37. Nd4 Re1+ 38. Kg2 Rc1 39. Ne6 Be5 40. f4 Bf6 41. Rxd6 Rxc4 42. Rxa6 Bxh4 43. Kf3 Kf7 44.
Kg4 Be7 45. Ng5+ Bxg5 46. Kxg5 Rc5+ 47. Kg4 Rc2 48. a4 Ra2 49. a5 Kg7 50. Ra8 Ra1 51.
a6 Ra2 52. Kf3 Ra4 53. Ke3 Kf6 54. Kf3 Kg7 55. Ke3 Kf6 56. a7 Kg7 57. Kf3 Ra1 58. Kg4 Ra2 59. Kf3 Ra4 60. Ke3 Kh7 61. Kd3 Kg7 62. Kc3 Ra1 63. Kb3 Kh7 64. Kb2 Ra5 65. Kc3 Ra1 66. Kb4 Rb1+ 67. Kc4 Rc1+ 68. Kd5 Rd1+ 69. Ke6 Ra1 70. Kf6 Ra6+ 71. Kf7 Ra4 72.
Ke7 Ra1 73. Kd6 Rd1+ 74. Kc7 Rc1+ 75. Kb6 Rb1+ 76. Kc5 Rc1+ 77. Kb4 Rb1+ 78. Kc4 Ra1 79. Kb3 Rb1+ 80. Ka2 Rb7 81. Ka3 Rf7 82. Kb3 Rb7+ 83.
Kc3 Rf7 84. Kd3 Rb7 85. Ke3 Kg7 86. Kf3 Rb3+ 87. Ke4 Ra3 88. Kd5 Ra5+ 89. Kc6 Ra6+ 90. Kb5 Ra1 91. Kc4 Rc1+ 92. Kd3 Rd1+ 93. Ke2 Ra1 94. Kf2 Kh7 95. f5 gxf5 96. Kf3 Ra4 97. Ke3 Kg7 98. Kf3 f4 99. Kg4 Kh7 100. Kf3 Kg7 101. Kg4 Kh7 102. Rf8 Rxa7 103. Rxf4 Rg7+ 104. Kf3 Kg8 105. Rg4 Rxg4 106. Kxg4 1/2-1/2

[Event "*** SCC Grand Prix: Titled Tuesday Blitz"]
[Site "Chess.com"]
[Date "2020.10.13"]
[Round "8"]
[White "Steven_Rojas"]
[Black "Mazetovic"]
[Result "0-1"]
[WhiteElo "2476"]
[BlackElo "2633"]
[TimeControl "180+1"]
[EndTime "11:36:43 PDT"]
[Termination "Mazetovic won by checkmate"]

1. c4 Nf6 2. Nc3 g6 3. e4 Bg7 4. d4 O-O 5. Nf3 d6 6. Be2 Na6 7. O-O e5 8. d5 Nc5 9. Nd2 a5 10. b3 Bh6 11. Qc2 Kg7 12. a3 Bd7 13. Rb1 Ng8 14.
b4 axb4 15. axb4 Na4 16. Nxa4 Bxa4 17. Nb3 Bxc1 18. Qxc1 f5 19. f4 Bxb3 20. Rxb3 exf4 21. Qxf4 fxe4 22. Qxe4 Rxf1+ 23. Bxf1 Qe7 24. Qd4+ Qf6 25.
Qxf6+ Nxf6 26. Re3 Kf7 27. h3 h5 28. Kf2 Ra4 29. b5 Ra2+ 30. Be2 Nd7 31. g4 h4 32. Rc3 Ne5 33. Ke3 b6 34. g5 Ra1 35.
Kf4 Rg1 36. Bg4 Ke7 37. Be6 Rf1+ 38. Ke4 Rg1 39. Kf4 Ra1 40. Ke4 Rf1 41. Ra3 Rc1 42.
Ra8 Rxc4+ 43. Ke3 Rc3+ 44. Kd4 Rg3 45. Rc8 Rxg5 46. Rxc7+ Kf6 47. Rb7 Rg1 48. Rxb6 Rd1+ 49. Kc3 g5 50. Rxd6 Rc1+ 51. Kd4 Rc4+ 52. Ke3 Rb4 53.
Ke2 Ke7 54. Rb6 Nc4 55. Rc6 Ne5 56. Rb6 Rb3 57. Bf5 Nc4 58. Re6+ Kf7 59. Bd3 Nb2 60. Bg6+ Kg7 61. b6 Nc4 62. Bd3 Nxb6 63. d6 Kf7 64.
Rh6 Nd5 65. Bc4 Rb2+ 66. Kf3 Kg7 67. Re6 Nf4 68. Re7+ Kf6 69. Ke4 Rd2 70. Rf7+ Kg6 71. d7 Nxh3 72. Bb5 Nf4 73. Rf8 Ne6 74. Re8 Nc5+ 75. Ke3 Rxd7 76. Bxd7 Nxd7 77. Kf3 Nf6 78. Ra8 Kh5 79. Kg2 g4 80. Ra3 Ne4 81. Ra5+ Kg6 82. Ra4 Kf5 83. Ra8 Kf4 84. Rf8+ Kg5 85. Rg8+ Kf5 86.
Rf8+ Nf6 87. Rh8 Kg5 88. Ra8 h3+ 89. Kh2 Nh5 90. Rg8+ Kh4 91. Rg6 g3+ 92. Kh1 Nf4 93. Ra6 Kg4 94. Ra3 Ne2 95. Ra1 Kf3 96. Rf1+ Ke3 97.
Ra1 g2+ 98. Kh2 Kf2 99. Rg1 Nf4 100. Ra1 Nd3 101. Rg1 Ne1 102. Rh1 gxh1=Q+ 103. Kxh1 Kg3 104. Kg1 Nf3+ 105. Kh1 Nh4 106. Kg1 Ng6 107. Kh1 Ne5 108. Kg1 Ng4 109. Kh1 Nf2+ 110. Kg1 h2+ 111. Kf1 h1=Q+ 112. Ke2 Qd1+ 113. Ke3 Qd3# 0-1